Map: Oxide LE

Players

DRG - Winner!

  • Race: Zerg Zerg

Gerald

  • Race: Protoss Protoss
  • League: Master

VOD

Have the link to the VOD?

Description

Time

  • Played on: May 3, 2021, 9:54 p.m.
  • Length: 17:50
Show
View Real Time Build Order
Export as new Build Order

DRG Zerg - Winner!

Build Orders: Hatch First, Lurkers, Swarm Host 

Get SALT Encoding   

  12  0:00  Drone  
  13  0:12  Overlord  
  13  0:17  Drone  
  14  0:30  Drone x2  
  16  0:48  Hatchery  
  15  0:51  Drone  
  15  0:54  Drone  
  17  0:58  Drone  
  18  1:08  Extractor  
  17  1:13  Spawning Pool  
  17  1:16  Drone  
  17  1:19  Drone  
  18  1:29  Drone  
  19  1:38  Drone  
  20  1:48  Overlord  
  20  2:00  Queen x2, Zergling x2  
  20  2:01  Zergling x2  
  26  2:10  Drone  
  26  2:11  Drone  
  26  2:13  Metabolic Boost  
  28  2:21  Drone  
  28  2:22  Drone  
  30  2:35  Hatchery  
  29  2:37  Drone  
  29  2:42  Queen  
  32  2:48  Overlord  
  32  2:51  Drone x2  
  32  2:56  Zergling x4  
  36  3:06  Zergling x2  
  36  3:07  Drone  
  36  3:08  Drone  
  36  3:10  Drone  
  36  3:11  Drone  
  41  3:16  Drone  
  41  3:18  Queen  
  44  3:25  Overlord  
  44  3:30  Spore Crawler  
  44  3:31  Drone  
  44  3:32  Overlord  
  44  3:39  Overlord  
  44  3:45  Drone x4  
  49  3:48  Drone x2, Queen  
  49  3:51  Drone x2  
  49  3:54  Drone  
  55  3:55  Drone  
  55  3:57  Spore Crawler  
  55  3:59  Drone  
  55  4:00  Drone  
  57  4:03  Drone  
  57  4:06  Spore Crawler  
  57  4:12  Zergling x4  
  59  4:21  Zergling x4  
  59  4:22  Drone  
  59  4:23  Drone  
  61  4:28  Drone x2  
  61  4:29  Drone x2  
  61  4:31  Queen  
  62  4:33  Drone x2  
  62  4:34  Drone x2  
  66  4:40  Roach Warren  
  66  4:45  Drone x3  
  68  4:46  Overlord  
  68  4:47  Overlord  
  68  4:49  Zergling x2  
  70  4:52  Drone  
  70  4:53  Lair  
  70  4:55  Extractor  
  70  4:56  Extractor  
  70  4:57  Extractor  
  70  4:59  Overlord  
  67  5:00  Drone  
  67  5:03  Overlord  
  67  5:05  Overlord  
  67  5:07  Drone x2  
  70  5:09  Drone x2  
  70  5:10  Drone  
  70  5:12  Drone  
  74  5:16  Drone  
  74  5:17  Drone  
  74  5:20  Drone  
  77  5:23  Drone  
  77  5:24  Extractor  
  77  5:26  Drone x2  
  80  5:28  Drone x2  
  80  5:29  Extractor  
  80  5:30  Evolution Chamber  
  80  5:31  Drone  
  81  5:35  Drone  
  81  5:38  Drone  
  81  5:40  Queen x2  
  84  5:44  Zergling x16  
  92  5:51  Glial Reconstitution  
  92  5:55  Zergling x8, Infestation Pit  
  95  5:58  Overlord  
  95  6:00  Overlord  
  95  6:09  Zerg Missile Weapons Level 1  
  95  6:10  Overlord  
  95  6:11  Drone x3  
  95  6:14  Overseer  
  95  6:16  Overlord  
  96  6:30  Overlord  
  96  6:32  Swarm Host  
  96  6:33  Swarm Host x7  
  120  6:42  Swarm Host  
  120  6:44  Swarm Host x2  
  120  6:46  Roach x2  
  133  6:53  Roach x4  
  141  6:57  Overlord  
  141  6:59  Overlord x2  
  141  7:03  Roach x2  
  145  7:08  Overlord  
  145  7:12  Overlord x2  
  145  7:16  Overlord x2  
  145  7:17  Ravager  
  145  7:18  Zergling x2, Ravager x3  
  145  7:19  Zergling x6  
  153  7:27  Roach x5  
  161  7:31  Roach  
  161  7:35  Roach x2  
  164  7:41  Roach x4  
  164  7:44  Roach x3  
  173  7:46  Roach  
  173  7:47  Ravager  
  175  7:52  Roach x3  
  175  7:54  Zergling x2  
  176  8:01  Zergling x4  
  166  8:07  Roach x2  
  166  8:09  Zergling x6  
  166  8:10  Ravager x4  
  176  8:13  Hatchery  
  176  8:16  Zergling x4  
  176  8:19  Zergling x6  
  174  8:20  Queen x2  
  174  8:25  Zergling x10  
  163  8:29  Zergling x2  
  163  8:32  Roach  
  155  8:35  Swarm Host  
  145  8:42  Swarm Host x4  
  145  8:45  Roach  
  145  8:48  Roach  
  148  8:52  Roach  
  148  8:53  Ravager x3  
  152  8:55  Zergling x2  
  152  8:59  Roach  
  152  9:02  Roach  
  156  9:03  Zergling x2  
  156  9:04  Zergling x2  
  154  9:10  Roach x7  
  154  9:12  Roach x2  
  154  9:16  Zergling x2  
  165  9:24  Roach x3  
  165  9:29  Roach  
  173  9:34  Roach x5  
  173  9:37  Roach  
  173  9:38  Roach x6  
  194  9:43  Zergling x2  
  191  9:45  Roach  
  191  9:51  Roach x3  
  184  9:57  Roach x3  
  184  9:59  Queen  
  187  10:04  Zergling x2  
  187  10:05  Zergling x2  
  184  10:08  Zergling x10  
  184  10:10  Ravager x5  
  184  10:11  Extractor  
  184  10:12  Extractor  
  185  10:16  Zergling x2  
  186  10:22  Zergling x6, Zerg Missile Weapons Level 2  
  172  10:32  Roach x5  
  172  10:34  Zergling x6  
  176  10:37  Zergling x6  
  178  10:46  Roach  
  178  10:47  Roach x5  
  179  10:51  Zergling x4  
  179  10:56  Ravager x2  
  176  10:57  Ravager  
  176  11:01  Zergling x14  
  184  11:05  Ravager x4  
  184  11:06  Overseer, Ravager  
  184  11:08  Roach  
  184  11:09  Roach x2  
  195  11:12  Zergling x4  
  195  11:16  Zergling x2  
  195  11:17  Zergling x6  
  198  11:20  Zergling x4  
  198  11:23  Zergling x2  
  198  11:24  Zergling x4  
  198  11:31  Zergling x2  
  198  11:32  Zergling x10  
  199  11:39  Drone x2  
  198  11:40  Zergling x2, Hydralisk Den  
  198  11:41  Infestation Pit  
  198  11:45  Ravager x3  
  190  12:10  Zergling x20  
  187  12:24  Drone x3  
  187  12:25  Hive  
  187  12:27  Lurker Den  
  186  12:30  Zergling x12  
  186  12:32  Overlord x2  
  186  12:36  Roach  
  186  12:37  Roach x2  
  198  12:39  Overlord  
  198  12:42  Overlord  
  198  12:49  Overlord  
  198  12:50  Grooved Spines  
  198  12:53  Zergling x4  
  175  13:14  Hydralisk x11  
  175  13:19  Zergling x8  
  197  13:37  Seismic Spines, Viper  
  200  13:41  Overseer, Overlord  
  200  13:46  Lurker x3  
  200  13:47  Lurker x4  
  200  13:48  Viper x2  
  189  14:00  Zerg Missile Weapons Level 3  
  189  14:02  Muscular Augments  
  189  14:03  Hydralisk x4  
  189  14:09  Adrenal Glands  
  195  14:17  Zergling x8  
  195  14:29  Hydralisk x2  
  195  14:35  Spine Crawler  
  195  14:36  Spine Crawler x2  
  188  14:44  Spine Crawler  
  184  14:47  Hydralisk  
  184  14:48  Hydralisk x4  
  192  14:55  Adaptive Talons  
  192  14:59  Lurker x5  
  191  15:06  Hydralisk x2  
  195  15:19  Zergling x10  
  200  15:34  Overseer  
  194  15:46  Zergling x10  
  195  16:00  Hydralisk x2  
  197  16:13  Overseer  
  197  16:18  Overseer  
  197  16:23  Hydralisk x2  
  200  16:26  Hatchery  
  196  16:36  Hydralisk x6  
  196  16:37  Lurker x7  
  196  16:38  Zergling x12, Lurker  
  200  16:51  Hydralisk x6  
  179  17:08  Hydralisk  
  179  17:09  Hydralisk x4  
  179  17:11  Zergling x2  
  179  17:12  Zergling x2  
Show
View Real Time Build Order
Export as new Build Order

Gerald Protoss 

Build Orders: 1 Gate Expand, Oracle Opening 

Get SALT Encoding   

  12  0:00  Probe  
  13  0:12  Probe  
  14  0:19  Pylon  
  14  0:24  Probe (Chrono Boost)  
  15  0:37  Probe (Chrono Boost)  
  15  0:38  Gateway  
  16  0:46  Probe (Chrono Boost), Assimilator  
  17  0:52  Probe  
  18  1:04  Probe  
  19  1:16  Probe  
  20  1:25  Nexus  
  20  1:33  Cybernetics Core  
  20  1:36  Probe  
  21  1:41  Assimilator  
  21  1:48  Probe  
  21  1:51  Pylon  
  22  2:01  Probe  
  23  2:07  Adept (Chrono Boost)  
  23  2:13  Probe  
  26  2:17  Stargate  
  26  2:25  Probe  
  26  2:28  Warp Gate  
  27  2:31  Adept (Chrono Boost)  
  29  2:37  Probe  
  29  2:38  Probe  
  31  2:49  Probe  
  31  2:50  Probe  
  33  2:57  Oracle (Chrono Boost)  
  33  3:01  Probe  
  33  3:02  Probe  
  38  3:06  Pylon  
  38  3:13  Probe  
  38  3:14  Probe  
  40  3:20  Gateway  
  40  3:25  Probe  
  40  3:27  Probe  
  42  3:28  Oracle (Chrono Boost)  
  45  3:35  Adept  
  45  3:37  Probe  
  45  3:38  Gateway  
  45  3:41  Probe  
  49  3:42  Pylon  
  49  3:49  Probe  
  49  3:53  Probe  
  49  3:55  Pylon  
  51  3:57  Oracle (Chrono Boost)  
  51  4:02  Probe  
  55  4:05  Probe  
  56  4:12  Nexus  
  57  4:18  Assimilator  
  57  4:19  Adept  
  57  4:21  Adept  
  57  4:23  Probe  
  59  4:34  Stalker  
  59  4:35  Shield Battery  
  59  4:37  Probe x2  
  63  4:39  Forge  
  63  4:40  Adept  
  65  4:47  Adept  
  65  4:51  Probe  
  68  4:53  Probe  
  68  4:55  Assimilator  
  69  5:03  Probe, Protoss Ground Weapons Level 1  
  69  5:05  Pylon  
  70  5:07  Robotics Facility  
  70  5:12  Pylon  
  70  5:23  Probe x2 (Chrono Boost)  
  70  5:25  Adept x3  
  78  5:32  Probe (Chrono Boost)  
  78  5:35  Probe x2 (Chrono Boost)  
  81  5:37  Twilight Council  
  81  5:41  Gateway  
  81  5:42  Probe (Chrono Boost)  
  83  5:43  Probe (Chrono Boost)  
  83  5:46  Probe (Chrono Boost)  
  83  5:47  Probe (Chrono Boost)  
  83  5:49  Probe  
  85  5:52  Pylon  
  86  5:57  Probe  
  86  5:58  Probe  
  86  6:00  Gateway  
  86  6:02  Gateway  
  88  6:06  Probe  
  88  6:09  Probe  
  88  6:10  Blink (Chrono Boost), Probe  
  88  6:11  Assimilator  
  88  6:13  Observer  
  88  6:16  Assimilator  
  88  6:18  Probe  
  90  6:21  Robotics Bay, Probe  
  90  6:23  Probe  
  92  6:27  Stalker x2  
  92  6:30  Probe  
  92  6:31  Gateway  
  92  6:32  Gateway  
  97  6:34  Probe  
  97  6:35  Sentry x2  
  97  6:37  Gateway  
  102  6:40  Probe  
  102  6:42  Probe  
  102  6:46  Probe  
  105  6:50  Pylon  
  105  6:52  Probe  
  105  6:53  Stalker  
  108  6:57  Pylon  
  108  7:07  Warp Prism  
  110  7:11  Stalker x3  
  110  7:12  Photon Cannon  
  116  7:15  Stalker  
  116  7:16  Stalker x2  
  116  7:18  Protoss Ground Weapons Level 2  
  116  7:37  Stalker x2  
  116  7:38  Stalker x2  
  118  7:46  Stalker x4  
  118  7:49  Disruptor (Chrono Boost), Pylon  
  125  7:51  Pylon  
  108  8:07  Stalker x5  
  108  8:09  Photon Cannon  
  108  8:11  Shield Battery  
  115  8:14  Pylon  
  115  8:15  Pylon  
  115  8:17  Disruptor  
  112  8:30  Stalker x7  
  112  8:31  Stalker  
  116  8:38  Stalker  
  108  8:50  Nexus  
  108  8:53  Disruptor  
  110  8:57  Stalker x4  
  118  9:13  Stalker  
  118  9:14  Stalker x4  
  128  9:22  Zealot x2  
  128  9:23  Zealot  
  128  9:47  Stalker x5  
  131  9:53  Probe x2  
  131  9:56  Robotics Facility  
  131  9:57  Robotics Facility  
  125  10:07  Charge  
  125  10:14  Probe  
  124  10:18  Probe  
  125  10:22  Photon Cannon  
  125  10:23  Stalker x7, Photon Cannon  
  125  10:25  Shield Battery  
  125  10:26  Shield Battery  
  135  10:29  Nexus  
  128  10:37  Sentry x2  
  129  10:48  Stalker  
  129  10:49  Stalker x6  
  133  11:00  Pylon  
  133  11:02  Pylon  
  133  11:03  Pylon  
  133  11:05  Protoss Ground Weapons Level 3 (Chrono Boost)  
  133  11:17  Disruptor (Chrono Boost), Probe  
  135  11:22  Zealot  
  135  11:23  Zealot x6  
  135  11:41  Disruptor (Chrono Boost)  
  135  11:45  Probe  
  137  11:50  Disruptor (Chrono Boost)  
  139  11:55  Zealot x9  
  157  12:20  Disruptor  
  157  12:26  Disruptor  
  145  12:37  Nexus, Probe  
  145  12:38  Pylon  
  145  12:39  Stalker  
  145  12:40  Stalker x4  
  149  12:55  Disruptor  
  152  12:58  Zealot x3  
  152  12:59  Zealot  
  152  13:01  Disruptor  
  152  13:05  Zealot  
  153  13:17  Zealot  
  148  13:25  Nexus  
  148  13:31  Disruptor  
  151  13:37  Disruptor  
  154  13:44  Dark Shrine  
  154  13:51  Probe  
  154  13:52  Templar Archives  
  153  14:03  Zealot x2  
  155  14:30  Disruptor  
  155  14:41  Disruptor, Pylon  
  155  14:42  Pylon  
  155  14:44  Pylon  
  152  15:02  High Templar x7  
  152  15:06  Archon x3  
  166  15:08  Observer  
  166  15:09  Probe  
  166  15:12  Assimilator x2  
  168  15:18  High Templar x2  
  143  15:53  Nexus  
  130  16:13  Pylon  
  130  16:14  Pylon  
  130  16:16  Pylon  
  130  16:18  Pylon  
  129  16:20  Fleet Beacon  
  129  16:22  Zealot x2  
  133  16:25  Pylon  
  133  16:26  Pylon  
  133  16:38  Probe  
  131  16:41  Robotics Bay  
  129  16:52  Zealot x3  
  129  16:53  Nexus, Zealot x3  
  124  16:57  Dark Shrine  
  94  17:10  Archon  
Tags
 
Add a new tag
Caveats
  • Supply blocks, unpowered buildings, or Contaminate may cause inaccurate times.
  • Supply counts are checked every 10 seconds.